 Dungeon Crawl Stone Soup version 0.26-a0-579-g3afe4966bf (webtiles) character file.

Game seed: 6326655200991223652

2172 ANON1729 the Skirmisher (level 9, 0/73 HPs)
             Began as a Demonspawn Wanderer on Aug 23, 2020.
             Succumbed to a killer bee's poison
             ... on level 7 of the Dungeon.
             The game lasted 00:16:14 (6175 turns).

ANON1729 the Skirmisher (Demonspawn Wanderer)       Turns: 6175, Time: 00:16:15

Health: 0/73       AC:  0    Str: 13    XL:     9   Next: 11%
Magic:  7/15       EV: 18    Int: 13    God:
Gold:   41         SH:  5    Dex: 21    Spells: 6/16 levels left

rFire    . . .     SeeInvis .     - Unarmed
rCold    . . .     Faith    .   (shield currently unavailable)
rNeg     . . .     Spirit   +   (armour currently unavailable)
rPois    .         Reflect  +   (helmet currently unavailable)
rElec    .         Harm     .   (cloak currently unavailable)
rCorr    .                      (gloves currently unavailable)
MR       .....                  (boots currently unavailable)
Stlth    ++........             e - amulet of reflection
HPRegen  0.22/turn              (ring currently unavailable)
MPRegen  0.28/turn              (ring currently unavailable)

@: mighty, brilliant, lethally poisoned (0 -> -15), bat-form, stab, flying
(expiring), hasted, very quick
A: tiny, powered by death 1, magic shield, magic regeneration
a: no special abilities


You were on level 7 of the Dungeon.
You were in bat-form.
You visited 2 branches of the dungeon, and saw 8 of its levels.

You collected 316 gold pieces.
You spent 275 gold pieces at shops.

Inventory:

Hand Weapons
 a - a +0 falchion (melded)
 p - a +3 club
Armour
 b - a +2 scale mail (melded)
Jewellery
 c - an uncursed amulet of magic regeneration
 e - an amulet of reflection (around neck)
 g - a ring of positive energy (melded)
 t - an uncursed ring of resist corrosion {unknown}
Wands
 h - a wand of random effects (22)
Scrolls
 d - 3 scrolls of remove curse
 f - 2 scrolls of enchant armour {unknown}
 i - a scroll of blinking {unknown}
 j - a scroll of magic mapping {unknown}
 k - 2 scrolls of immolation {unknown}
 l - 4 scrolls of identify {unknown}
 m - a scroll of teleportation {unknown}
 w - a scroll of enchant weapon {unknown}
Potions
 s - a potion of flight
 u - a potion of haste
Miscellaneous
 q - a phial of floods (inert)


   Skills:
 * Level 7.7 Fighting
 - Level 2.0 Long Blades
 - Level 1.0 Throwing
 + Level 5.2 Armour
 - Level 0.6 Dodging
 - Level 1.0 Stealth
 + Level 4.3 Unarmed Combat
 + Level 4.3 Spellcasting
 * Level 3.1 Transmutations
 + Level 0.7 Ice Magic
 + Level 0.8 Poison Magic


You had 6 spell levels left.
You knew the following spells:

 Your Spells              Type           Power        Failure   Level
a - Beastly Appendage     Tmut           ###...       5%          1
b - Wereblood             Tmut           ###.....     9%          2
c - Spider Form           Tmut/Pois      ##........   26%         3
d - Ice Form              Ice/Tmut       ##......     65%         4

Your spell library contained the following spells:

 Spells                   Type           Power        Failure   Level
 Searing Ray              Conj           #.....       30%         2
 Ignite Poison            Fire/Tmut/Pois #.......     34%         3
 Confusing Touch          Hex            #.......     52%         3
 Gell's Gravitas          Tloc           #.........   52%         3
 Stone Arrow              Conj/Erth      #.....       52%         3
 Petrify                  Tmut/Erth      ##......     71%         4
 Blade Hands              Tmut           ###.......   83%         5
 Yara's Violent Unravell  Hex/Tmut       ##........   96%         5
 Metabolic Englaciation   Hex/Ice        #.........   99%         5
 Freezing Cloud           Conj/Ice/Air   #.........   100%        6


Dungeon Overview and Level Annotations

Branches:
Dungeon (7/15)             Temple (1/1) D:4

Altars:
Ashenzari
Dithmenos
Elyvilon
Fedhas
Gozag
Hepliaklqana
Makhleb
Nemelex Xobeh
Okawaru
Ru
Sif Muna
Trog
Wu Jian
Yredelemnul
Zin
The Shining One

Shops:
D:6 :

Annotations:
D:3 Grinder
D:4 Eustachio, Sigmund
D:5 2 runed translucent doors


Innate Abilities, Weirdness & Mutations

((You have a pair of horns on your head.))
((You have sharp toenails.))
You regenerate a little health from kills.
When hurt, damage is shared between your health and your magic reserves.
You regenerate magic rapidly.


Message History

You feel sick.
* * * LOW HITPOINT WARNING * * *
You feel sick. The killer bee completely misses you.
Okay, then.
You feel yourself speed up.
You are starting to lose your buoyancy.
* * * LOW HITPOINT WARNING * * *
You feel sick. The killer bee barely misses you.
You block the killer bee's attack.
Okay, then.
* * * LOW HITPOINT WARNING * * *
You feel sick.
* * * LOW HITPOINT WARNING * * *
You feel sick.
* * * LOW HITPOINT WARNING * * *
You feel sick.
You see here a murky black potion.
It was a potion of stabbing.
You feel ready to backstab.
You die...

#####
#.#####...####
#.##.........#
.............#
#............#
#........... #
#..#.##:..# .#
#..#.##...#.)####
#b...............
#.##.##.###..####
#y##.##†## .#
#.#.##S#..†# #
#...y.yl<#.....#
###.####........#
...# ##........
###.. ........
### .##...##


You could see 2 killer bees.

Vanquished Creatures
  A sky beast (D:6)
  An ice beast (D:6)
  2 phantoms
  2 ogres
  4 centaurs
  A bullfrog (D:6)
  7 killer bees
  4 scorpions
  A bullfrog zombie (D:5)
  A centaur zombie (D:5)
  A quasit (D:6)
  4 hounds
  An orc wizard (D:4)
  Jessica (D:3)
  A gnoll shaman (D:5)
  Natasha (thrice) (D:4)
  2 iguanas (D:5)
  5 worker ants
  A hound zombie (D:5)
  A hound skeleton (D:5)
  A worker ant zombie (D:5)
  A howler monkey skeleton (D:4)
  8 adders
  A shadow imp (D:5)
  2 ufetubi
  An adder zombie (D:5)
  2 worms
  2 dart slugs
  5 leopard geckos
  11 orcs
  3 ball pythons
  7 giant cockroaches
  8 goblins
  8 hobgoblins
  5 jackals
  4 kobolds (D:2)
  3 quokkas
  3 bats
  5 frilled lizards
  2 leopard gecko zombies
  A quokka skeleton (D:6)
  4 rats
131 creatures vanquished.

Vanquished Creatures (others)
  A plant (Temple)
1 creature vanquished.

Grand Total: 132 creatures vanquished

Notes
Turn   | Place    | Note
-------+----------+-------------------------------------------
     0 | D:1      | ANON1729 the Demonspawn Wanderer began the quest for the
                  | Orb.
     0 | D:1      | ANON1729 set off with the following items: a +0 falchion, a
                  | +2 scale mail, a potion of curing
     0 | D:1      | Reached XP level 1. HP: 18/18 MP: 1/1
   170 | D:1      | Gained mutation: You have a pair of small horns on your
                  | head. [demonic ancestry]
   170 | D:1      | Reached XP level 2. HP: 23/24 MP: 2/2
   708 | D:2      | Gained mutation: You have a pair of horns on your head.
                  | [demonic ancestry]
   708 | D:2      | Reached XP level 3. HP: 26/29 MP: 3/3
   777 | D:2      | Found a glowing silver altar of Zin.
   777 | D:2      | Found an opulent altar of Gozag.
  1152 | D:2      | Reached skill level 1 in Unarmed Combat
  1152 | D:2      | Reached skill level 1 in Spellcasting
  1188 | D:2      | Reached XP level 4. HP: 36/37 MP: 5/5
  1190 | D:2      | Found an ornate altar of the Wu Jian Council.
  1653 | D:3      | Noticed Grinder
  1657 | D:3      | Paralysed by Grinder for 6 turns
  1800 | D:4      | Reached skill level 4 in Fighting
  1811 | D:4      | Gained mutation: You regenerate a little health from kills.
                  | [demonic ancestry]
  1811 | D:4      | Reached XP level 5. HP: 32/42 MP: 7/7
  2250 | D:4      | Noticed Eustachio
  2296 | D:4      | Found a staircase to the Ecumenical Temple.
  2301 | Temple   | Entered the Ecumenical Temple
  2635 | D:4      | Noticed Natasha
  2641 | D:4      | Killed Natasha
  2641 | D:4      | Gained mutation: When hurt, damage is shared between your
                  | health and your magic reserves. [demonic ancestry]
  2641 | D:4      | Reached XP level 6. HP: 31/50 MP: 9/9
  2842 | D:4      | Noticed Natasha
  2848 | D:4      | Killed Natasha
  2859 | D:4      | Noticed Natasha
  2868 | D:4      | Killed Natasha
  2961 | D:4      | Noticed Sigmund
  3023 | D:3      | Reached skill level 5 in Fighting
  3082 | D:5      | Entered Level 5 of the Dungeon
  3260 | D:3      | Noticed Jessica
  3273 | D:3      | Killed Jessica
  3572 | D:3      | Paralysed by Grinder for 5 turns
  3634 | D:5      | Found a sacrificial altar of Ru.
  3663 | D:5      | Gained mutation: You have sharp toenails. [demonic
                  | ancestry]
  3663 | D:5      | Reached XP level 7. HP: 42/56 MP: 8/10
  3991 | D:5      | Reached skill level 6 in Fighting
  4076 | D:5      | Found a large runed translucent door.
  4077 | D:5      | Found a large runed translucent door.
  4119 | D:5      | Found a large runed translucent door.
  4119 | D:5      | Found a large runed translucent door.
  4310 | D:5      | Reached XP level 8. HP: 47/65 MP: 10/13
  4423 | D:5      | Identified the Reference Book on Transmutation and
                  | Confrontation
  4444 | D:5      | Found a burning altar of Makhleb.
  4454 | D:5      | Learned a level 4 spell: Ice Form
  4755 | D:6      | Reached skill level 1 in Transmutations
  4842 | D:6      | Reached skill level 7 in Fighting
  5021 | D:6      | Found Paixt's Book Emporium.
  5043 | D:6      | Bought a book of Changes for 275 gold pieces
  5045 | D:6      | Learned a level 1 spell: Beastly Appendage
  5048 | D:6      | Learned a level 2 spell: Wereblood
  5052 | D:6      | Learned a level 3 spell: Spider Form
  5075 | D:6      | Reached skill level 5 in Armour
  5263 | D:6      | Found a bloodstained altar of Trog.
  6156 | D:7      | Gained mutation: You regenerate magic rapidly. [demonic
                  | ancestry]
  6156 | D:7      | Reached XP level 9. HP: 27/73 MP: 7/15
  6172 | D:7      | HP: 3/73 [poisoned by a killer bee]
  6174 | D:7      | HP: 1/73 [poisoned by a killer bee]
  6175 | D:7      | Succumbed to a killer bee's poison

Illustrated notes

Levels and vault maps discovered:
D:1:      minmay_arrival_shoal_huts, layout_loops_ring
D:2:      layout_basic, grunt_temple_overflow_gold_and_silver,
          lemuel_doored_altar
D:3:      layout_basic, chequers_serial_rivers_micro_b,
          chequers_serial_rivers_micro_c, ebering_dispersal_statue_hall,
          grunt_ministairs_2, minmay_misc_feat_enclosed, grunt_decor_one_mirror,
          uniq_grinder, uniq_jessica
D:4:      minmay_chambers_of_threes, layout_basic, minmay_temple_entry_tees,
          uniq_sigmund, uniq_eustachio, uniq_natasha
D:5:      layout_rooms, makhleb_heckhound_becter,
          nicolae_ru_sacrificial_ziggurat, minmay_hollow_rounded_squares
D:6:      lemuel_ice_spiral_2, layout_basic, bloody_trog, serial_shops,
          shop_fountains
D:7:      layout_loops_ring, kennysheep_mini_moat, grunt_temple_overflow_open
Temple:   cyrus_temple_forest

Skill      XL: |  1  2  3  4  5  6  7  8 |
---------------+-------------------------+-----
Long Blades    | 2 |  2.0
Armour         | 3 4 5 |  5.2
Unarmed Combat | 1 2 3 4 |  4.3
Spellcasting   | 1 2 3 4 |  4.3
Fighting       | 4 5 6 7 |  7.7
Transmutations | 3 |  3.1
Throwing       | |  1.0
Dodging        | |  0.6
Stealth        | |  1.0
Ice Magic      | |  0.7
Poison Magic   | |  0.8

Action                   |  1- 3 |  4- 6 |  7- 9 || total
-------------------------+-------+-------+-------++-------
Melee: Falchion          |    97 |   195 |   218 ||   510
       Headbutt          |    18 |    37 |    63 ||   118
       Punch             |       |     2 |     2 ||     4
       Unarmed           |       |    19 |       ||    19
       Kick              |       |       |    74 ||    74
 Cast: Beastly Appendage |       |       |     5 ||     5
Evoke: Wand              |       |    12 |     7 ||    19
       Phial of floods   |       |       |     1 ||     1
  Use: Potion            |       |     5 |     6 ||    11
       Scroll            |       |     2 |       ||     2
Armor: Scale mail        |    45 |    94 |   119 ||   258
       Skin              |       |    14 |       ||    14
Dodge: Dodged            |    26 |   104 |   105 ||   235
Block: Other             |    31 |    59 |    58 ||   148
       Reflection        |     1 |     2 |     1 ||     4
       Rpst.: Falchion   |     9 |    27 |    33 ||    69

Table legend: (Time is in decaauts)
 A = Elapsed time spent in this place.
 B = Non-inter-level travel time spent in this place.
 C = Inter-level travel time spent in this place.
 D = Time resting spent in this place.
 E = Time spent auto-exploring this place.
 F = Levels seen in this place.
 G = Mean time per level.
                   A        B        C        D        E       F      G
               +--------+--------+--------+--------+--------+-----+--------+
         Total |   6271 |   5994 |    277 |   2328 |   2259 |   8 |  783.9 |
       Dungeon |   6166 |   5906 |    260 |   2328 |   2218 |   7 |  880.9 |
        Temple |    105 |     88 |     17 |      0 |     41 |   1 |  105.0 |
               +--------+--------+--------+--------+--------+-----+--------+

Top non-repeatable levels by time:
     D:6: 1458 daAuts
     D:4: 1224 daAuts
     D:5: 1144 daAuts
     D:2: 890 daAuts
     D:3: 689 daAuts
     D:1: 670 daAuts
  Temple: 105 daAuts
     D:7: 88 daAuts
